 Dungeon Crawl Stone Soup version 0.21.1-1-g345015fe64 (webtiles) character file.

1699 JOKERXD40 the Shield-Bearer (level 9, -5/75 HPs)
             Began as a Hill Orc Fighter on June 7, 2018.
             Was a Priest of Ru.
             Slain by Ethylacetat's ghost (9 damage)
             ... on level 9 of the Dungeon.
             The game lasted 00:40:03 (6403 turns).

JOKERXD40 the Shield-Bearer (Hill Orc Fighter)      Turns: 6403, Time: 00:40:04

Health: -5/75      AC:  9    Str: 22    XL:     9   Next: 3%
Magic:  9/9        EV:  9    Int:  8    God:    Ru [***...]
Gold:   436        SH: 12    Dex: 10    Spells: 8/8 levels left

rFire    + . .     SeeInvis .   F - +2 war axe (chop)
rCold    . . .     Gourm    .   c - +2 shield
rNeg     . . .     Faith    +   b - +0 scale mail
rPois    .         Spirit   .   (no helmet)
rElec    .         Reflect  .   (no cloak)
rCorr    .         Harm     .   (no gloves)
MR       +....                  r - +0 pair of boots
Stlth    ..........             G - amulet of faith
HPRegen  0.22/turn              e - ring of protection from fire
MPRegen  0.11/turn              H - ring of protection from magic

@: hasted, drained, very quick
A: no charms magic, no poison magic, no transmutations magic, inexperienced 1
a: Draw Out Power, Renounce Religion


You were on level 9 of the Dungeon.
You worshipped Ru.
Ru was most pleased with you.
You were not hungry.

You visited 2 branches of the dungeon, and saw 10 of its levels.

You collected 436 gold pieces.

Inventory:

Hand Weapons
 F - a +2 war axe of chopping (weapon)
Missiles
 o - 3 silver javelins
 v - 3 tomahawks of returning (quivered)
Armour
 b - a +0 scale mail (worn)
 c - a +2 shield (worn)
 r - a +0 pair of boots (worn)
Magical Staves
 x - an uncursed staff of death
Jewellery
 e - a ring of protection from fire (left hand)
 i - a +2 amulet of reflection
 G - an amulet of faith (around neck)
 H - a ring of protection from magic (right hand)
Wands
 d - a wand of disintegration (22)
 y - a wand of paralysis (14)
 A - a wand of scattershot (5)
 B - a wand of polymorph (23)
 C - a wand of digging (5)
Scrolls
 a - 2 scrolls of fear
 g - 3 scrolls of remove curse
 h - 4 scrolls of identify
 l - a scroll of noise {unknown}
 D - a scroll of summoning {unknown}
 E - a scroll of torment {unknown}
Potions
 j - a potion of degeneration {unknown}
 m - a potion of flight {unknown}
 n - 3 potions of brilliance
 u - a potion of curing {unknown}
 w - a potion of haste
 z - a potion of mutation {unknown}
Books
 p - a book of Clouds

   Spells                             Type                      Level
   a - Poisonous Vapours              Poison/Air                   2
   b - Mephitic Cloud                 Conjuration/Poison/Air       3
   c - Conjure Flame                  Conjuration/Fire             3
   d - Freezing Cloud                 Conjuration/Ice/Air          6
   e - Ring of Flames                 Charms/Fire                  7
 s - a book of Cantrips

   Spells                             Type                      Level
   a - Confusing Touch                Hexes                        1
   b - Animate Skeleton               Necromancy                   1
   c - Summon Small Mammal            Summoning                    1
   d - Apportation                    Translocation                1
Comestibles
 f - 10 rations


   Skills:
 * Level 6.3(5.9) Fighting
   Level 3.5(4.6) Short Blades
   Level 5.8(6.0) Long Blades
 + Level 3.7(4.4) Axes
   Level 3.6(3.8) Maces & Flails
 + Level 0.5(0.2) Throwing
 + Level 6.8(6.4) Armour
 + Level 3.6(3.2) Dodging
 + Level 0.9(0.6) Stealth
 + Level 7.4(7.0) Shields


You had 8 spell levels left.
You didn't know any spells.

Dungeon Overview and Level Annotations

Branches:
Dungeon (9/15)             Temple (1/1) D:6
   Lair: D:8-11         Orc: D:9-12

Altars:
Ashenzari
Cheibriados
Elyvilon
Fedhas
Gozag
Hepliaklqana
Kikubaaqudgha
Makhleb
Nemelex Xobeh
Okawaru
Qazlal
Ru
Sif Muna
Trog
Uskayaw
Vehumet
Wu Jian
Xom
Yredelemnul
Zin
The Shining One

Annotations:
D:8 PikkenKukken's ghost, novice DsGl
D:9 Ethylacetat's ghost, novice DsCK


Innate Abilities, Weirdness & Mutations

You cannot study or cast Charms magic.
You cannot study or cast Poison magic.
You cannot study or cast Transmutations magic.
You are somewhat inexperienced. (-2 XL)


Message History

* * * LOW HITPOINT WARNING * * *
You slash Ethylacetat's ghost!
Ethylacetat's ghost is almost destroyed.
Ethylacetat's ghost completely misses you.
You hit Ethylacetat's ghost.
Ethylacetat's ghost is almost destroyed.
Ethylacetat's ghost hits you but does no damage.
Okay, then.
As you read the scroll of fear, it crumbles to dust.
You assume a fearsome visage.
Ethylacetat's ghost is unaffected.
Ethylacetat's ghost hits you!
* * * LOW HITPOINT WARNING * * *
You focus your will and blind Ethylacetat's ghost in retribution!
You catch the helpless Ethylacetat's ghost completely off-guard!
You hit Ethylacetat's ghost.
Ethylacetat's ghost is almost destroyed.
You hit Ethylacetat's ghost but do no damage.
Ethylacetat's ghost is almost destroyed.
Ethylacetat's ghost is no longer blind.
Ethylacetat's ghost hits you!
You die...

#......#####
###..........#
...............#
...............#
...............##
...............[#
.........)......#
.(.......†))...W#
...............@#
.......<(((######
...........#
#####......#
#......# #...(..#
#.....(# #......#
#......#


You could see Ethylacetat's ghost.

Vanquished Creatures
  Pikel (D:5)
  Menkaure (D:6)
  A hungry ghost (D:8)
  Purgy (D:3)
  A sky beast (D:5)
  A black bear (D:6)
  5 ogres
  2 centaurs
  Blork the orc (D:4)
  4 bullfrogs
  A scorpion (D:7)
  3 wights (D:7)
  A howler monkey (D:6)
  2 crimson imps
  A centaur zombie (D:7)
  An orc priest (D:4)
  A hound (D:6)
  A jelly (D:8)
  3 centaur skeletons
  3 orc wizards
  A bullfrog skeleton (D:4)
  An iguana (D:4)
  3 worker ants
  A hound zombie (D:5)
  7 gnolls
  A howler monkey skeleton (D:5)
  7 adders
  3 oozes
  2 adder skeletons
  An adder zombie (D:6)
  A worm (D:3)
  2 dart slugs
  A leopard gecko (D:1)
  17 orcs
  A giant cockroach (D:2)
  4 goblins
  7 hobgoblins
  7 jackals
  2 quokkas
  A ball python (D:6)
  7 bats
  3 frilled lizards
  A giant cockroach zombie (D:6)
  A jackal skeleton (D:4)
  7 kobolds
  3 rats
  8 fungi (D:3)
135 creatures vanquished.

Vanquished Creatures (others)
  A hound skeleton (D:5)
  2 orcs
  A frilled lizard (D:5)
4 creatures vanquished.

Grand Total: 139 creatures vanquished

Notes
Turn   | Place    | Note
-------+----------+-------------------------------------------
     0 | D:1      | JOKERXD40 the Hill Orc Fighter began the quest for the Orb.
     0 | D:1      | Reached XP level 1. HP: 19/19 MP: 1/1
    58 | D:1      | Reached XP level 2. HP: 18/27 MP: 2/2
   353 | D:1      | Reached XP level 3. HP: 24/33 MP: 3/3
   935 | D:2      | Reached XP level 4. HP: 36/40 MP: 4/4
  1213 | D:3      | Reached skill level 4 in Shields
  1213 | D:3      | Reached XP level 5. HP: 13/47 MP: 5/5
  1502 | D:3      | Noticed Purgy
  1528 | D:3      | Killed Purgy
  1528 | D:3      | Reached skill level 1 in Dodging
  1528 | D:3      | Reached XP level 6. HP: 23/53 MP: 6/6
  1663 | D:3      | Found a faded altar of an unknown god.
  1663 | D:3      | Found a sacrificial altar of Ru.
  1678 | D:3      | Found an ancient bone altar of Kikubaaqudgha.
  1686 | D:3      | Found a faded altar of an unknown god.
  1688 | D:3      | Found an opulent altar of Gozag.
  1711 | D:3      | Became a worshipper of Ru the Awakened
  1949 | D:4      | Found a glowing golden altar of the Shining One.
  2065 | D:4      | Reached skill level 5 in Long Blades
  2177 | D:4      | Reached XP level 7. HP: 14/60 MP: 7/7
  2219 | D:4      | Noticed Blork the orc
  2221 | D:4      | HP: 1/60 [Blork the orc/puff of frost (12)]
  2230 | D:4      | Killed Blork the orc
  2230 | D:4      | Reached skill level 5 in Shields
  2421 | D:4      | Reached skill level 5 in Fighting
  2498 | D:5      | Entered Level 5 of the Dungeon
  2604 | D:5      | Reached skill level 1 in Short Blades
  2604 | D:5      | Reached skill level 5 in Armour
  2604 | D:5      | Reached XP level 8. HP: 52/68 MP: 8/8
  2614 | D:5      | Noticed a hippogriff
  2671 | D:5      | Noticed Pikel
  2733 | D:5      | Killed Pikel
  2950 | D:5      | Reached skill level 6 in Shields
  3150 | D:6      | Reached skill level 1 in Maces & Flails
  3289 | D:6      | Gained mutation: You are somewhat inexperienced. (-2 XL) [Ru sacrifice]
  3289 | D:6      | Reached XP level 7. HP: 53/61 MP: 7/7
  3289 | D:6      | Reached XP level 6. HP: 53/56 MP: 6/6
  3289 | D:6      | Reached * piety under Ru
  3289 | D:6      | Reached ** piety under Ru
  3299 | D:6      | Reached XP level 7. HP: 58/61 MP: 7/7
  3369 | D:6      | Noticed Menkaure
  3393 | D:6      | Killed Menkaure
  3712 | D:6      | Found a snail-covered altar of Cheibriados.
  3940 | D:6      | Found a staircase to the Ecumenical Temple.
  3954 | Temple   | Entered the Ecumenical Temple
  4374 | D:7      | Reached XP level 8. HP: 67/70 MP: 8/8
  4886 | D:7      | Reached skill level 1 in Axes
  4886 | D:7      | Reached skill level 7 in Shields
  5528 | D:8      | Noticed PikkenKukken's ghost (novice DsGl)
  5555 | D:8      | HP: 1/70 [PikkenKukken's ghost (10)]
  5949 | D:8      | HP: 2/70 [PikkenKukken's ghost (20)]
  6297 | D:9      | Reached XP level 9. HP: 42/75 MP: 9/9
  6377 | D:9      | Noticed Ethylacetat's ghost (novice DsCK)
  6377 | D:9      | Gained mutation: You cannot study or cast Poison magic. [Ru sacrifice]
  6377 | D:9      | Gained mutation: You cannot study or cast Transmutations magic. [Ru sacrifice]
  6377 | D:9      | Gained mutation: You cannot study or cast Charms magic. [Ru sacrifice]
  6377 | D:9      | Reached *** piety under Ru
  6399 | D:9      | HP: 3/75 [Ethylacetat's ghost (14)]
  6403 | D:9      | Slain by Ethylacetat's ghost

Skill      XL: |  1  2  3  4  5  6  7  8 |
---------------+-------------------------+-----
Fighting       | 4 5 6 |  6.3
Long Blades    | 3 4 5 |  5.8
Shields        | 4 5 7 |  7.4
Armour         | 4 5 6 |  6.8
Dodging        | 1 2 3 |  3.6
Short Blades   | 1 3 |  3.5
Maces & Flails | 3 1 |  3.6
Axes           | 3 |  3.7
Throwing       | |  0.5
Stealth        | |  0.9

Action                   |  1- 3 |  4- 6 |  7- 9 || total
-------------------------+-------+-------+-------++-------
Melee: Long sword        |   112 |   208 |    21 ||   341
       Whip              |       |     9 |   216 ||   225
       Short sword       |       |       |   150 ||   150
       War axe           |       |       |   106 ||   106
Throw: Tomahawk          |       |       |     5 ||     5
Invok: Sacrifice Experie |       |     1 |       ||     1
       Draw Out Power    |       |       |     1 ||     1
       Sacrifice Arcana  |       |       |     1 ||     1
Evoke: Wand              |       |       |     2 ||     2
  Use: Scroll            |       |     4 |    18 ||    22
       Potion            |       |     2 |     5 ||     7
 Stab: Invisible         |       |       |     2 ||     2
  Eat: Ration            |       |     1 |     5 ||     6
       Chunk             |       |     1 |     2 ||     3
Armor: Scale mail        |    42 |    81 |   136 ||   259
Dodge: Dodged            |    39 |    80 |   118 ||   237
Block: Shield            |    67 |   138 |   268 ||   473
       Reflection        |     2 |     3 |     1 ||     6
       Rpst.: Long sword |    12 |    25 |     1 ||    38
